 Dungeon Crawl Stone Soup version 0.17.1-3-g152610e (webtiles) character file.

5411 Goblin1989 the Martial Artist (level 10, -3/53 HPs)
             Began as a Vine Stalker Monk on Feb 28, 2016.
             Was a Priest of Elyvilon.
             Slain by a six-headed hydra (9 damage)
             ... on level 1 of the Lair of Beasts on Feb 29, 2016.
             The game lasted 00:40:53 (7862 turns).

Goblin1989 the Martial Artist (Vine Stalker Monk)   Turns: 7862, Time: 00:40:54

Health: -3/53      AC: 11    Str: 17    XL:     10   Next: 67%
Magic:  0/16       EV: 11    Int: 10    God:    Elyvilon [***...]
Gold:   567        SH:  0    Dex: 17    Spells: 0 memorised, 9 levels left

rFire  . . .     SeeInvis .       - Unarmed
rCold  . . .     Clarity  .     x - +0 scale mail
rNeg   . . .     SustAt   .     (no shield)
rPois  .         Gourm    .     m - +0 helmet
rElec  .         Spirit   +     n - +0 cloak
rCorr  .         Warding  .     (no gloves)
rMut   .         Stasis   .     i - +1 pair of boots
MR     +....                    (no amulet)
Stlth  +.........               (no ring)
                                (no ring)

@: about to teleport, somewhat resistant to hostile enchantments, very
unstealthy
A: fangs 3, talons 1, regeneration 2, magic shield, antimagic bite, no device
heal 3, rot immunity
a: Lesser Healing, Heal Other, Purification, Divine Protection, Renounce
Religion


You were on level 1 of the Lair of Beasts.
You worshipped Elyvilon.
Elyvilon was most pleased with you.
You were very hungry.

You visited 3 branches of the dungeon, and saw 10 of its levels.
You also visited: Sewer.

You collected 567 gold pieces.

Inventory:

Hand Weapons
 b - a +3 blowgun
Missiles
 a - 23 poisoned needles
Armour
 i - a +1 pair of boots (worn)
 m - a +0 helmet (worn)
 n - a +0 cloak (worn)
 w - a +0 chain mail
 x - a +0 scale mail (worn)
Wands
 j - a wand of polymorph (6)
 l - a wand of polymorph (5)
 s - a wand of digging (4)
 A - a wand of fireball (11)
Scrolls
 c - 2 scrolls of random uselessness {unknown}
 d - a scroll of enchant armour {unknown}
 f - 6 scrolls of teleportation
 g - 2 scrolls of remove curse
 h - 9 scrolls of identify
 k - 5 scrolls of magic mapping {unknown}
 p - a scroll of fog {unknown}
 q - a scroll of acquirement {unknown}
 y - a scroll of amnesia {unknown}
 E - 2 scrolls of recharging {unknown}
 F - a scroll of silence {unknown}
Potions
 e - 3 potions of flight
 r - a potion of degeneration {unknown}
 t - a potion of beneficial mutation
 u - 2 potions of curing
 v - a potion of might {unknown}
 B - 2 potions of cancellation {unknown}
 C - a potion of haste {unknown}
 H - a potion of ambrosia {unknown}
Comestibles
 o - 2 meat rations
 z - 2 slices of pizza
 D - 10 bread rations
 G - 3 chunks of flesh


   Skills:
 * Level 6.7 Fighting
 + Level 3.7 Armour
 - Level 2.4 Dodging
 - Level 2.4 Stealth
 + Level 11.6 Unarmed Combat
 + Level 7.2 Invocations


You had 9 spell levels left.
You didn't know any spells.

Dungeon Overview and Level Annotations

Branches:
Dungeon (8/15)             Temple (1/1) D:4            Lair (1/8) D:8

Altars:
Ashenzari
Cheibriados
Dithmenos
Elyvilon
Fedhas
Kikubaaqudgha
Makhleb
Nemelex Xobeh
Okawaru
Qazlal
Ru
Sif Muna
Trog
Vehumet
Xom
Yredelemnul
Zin
The Shining One

Annotations:
D:5 exclusion: downstairs
D:7 exclusion: downstairs


Innate Abilities, Weirdness & Mutations

You have razor-sharp teeth.
You heal very quickly.
When hurt, damage is shared between your health and your magic reserves.
Your bite disrupts and absorbs the magic of your enemies.
Potions and wands cannot restore your health.
You are immune to rotting.
You have sharp toenails.


Message History

The six-headed hydra barely misses you. The six-headed hydra bites you.
The six-headed hydra bites you but does no damage. x2
Eat one of 4 chunks of flesh? (ye/n/q/i?) This raw flesh tastes terrible.
You are feeling very hungry.
The six-headed hydra bites you but does no damage.
The six-headed hydra bites you.
The six-headed hydra bites you but does no damage.
The six-headed hydra bites you!
The six-headed hydra bites you but does no damage.
The six-headed hydra barely misses you.
You continue eating.
The six-headed hydra bites you!
* * * LOW HITPOINT WARNING * * *
The six-headed hydra bites you but does no damage. x2
The six-headed hydra bites you!
* * * LOW HITPOINT WARNING * * *
The six-headed hydra bites you but does no damage.
The six-headed hydra bites you!
You die...

##..#.P## #######
###.P.....## ##.##.P##
#..........# ###......P#
#..........# ###........##
#P......t..## #............
##........## #............
#.......### ##...........
#..........#########.........
##......#.tD@.#..#.......>..#
#....#######............####
##..# ##.........### #..#
#..........#.# # #.#
#.......PP..####### ##
#........##........
#........##...##...
##.......#...###...
P..........###....


You could see a six-headed hydra and a crocodile.

Vanquished Creatures
  A spriggan (D:7)
  3 yaks (Lair:1)
  2 hippogriffs (Lair:1)
  A basilisk (Lair:1)
  A water moccasin (Lair:1)
  A porcupine (D:8)
  3 ice beasts
  4 sky beasts
  A black bear (D:8)
  3 centaurs
  5 ogres
  3 crocodiles
  2 gnoll sergeants
  2 big kobolds
  3 giant frogs
  3 scorpions
  10 killer bees
  5 crimson imps
  A quasit (D:6)
  A giant frog zombie (D:8)
  2 giant frog skeletons (D:8)
  4 hounds
  3 orc priests
  3 centaur skeletons
  Natasha (twice) (D:3 D:4)
  An iguana (D:4)
  A siren (Sewer)
  3 worker ants
  A hell rat (D:8)
  9 orc wizards
  A merfolk avatar (Sewer)
  Robin (D:2)
  A worker ant zombie (D:5)
  9 adders
  20 gnolls
  4 river rats
  2 shadow imps
  An ooze (D:2)
  An adder zombie (D:8)
  2 worms
  8 giant geckos
  25 orcs
  7 ball pythons
  8 bats
  6 giant cockroaches
  7 hobgoblins
  7 jackals
  5 quokkas
  11 giant newts
  17 goblins
  A jackal skeleton (D:5)
  17 kobolds
  30 rats
275 creatures vanquished.

Vanquished Creatures (others)
  2 orc priests (D:4)
  A worm (D:4)
  2 orcs (D:4)
  Natasha (D:4)
6 creatures vanquished.

Grand Total: 281 creatures vanquished

Notes
Turn   | Place    | Note
--------------------------------------------------------------
     0 | D:1      | Goblin1989 the Vine Stalker Monk began the quest for the Orb.
     0 | D:1      | Reached XP level 1. HP: 11/11 MP: 2/2
    59 | D:1      | Found a sparkling altar of Nemelex Xobeh.
   432 | D:1      | Reached XP level 2. HP: 16/16 MP: 3/3
   492 | D:2      | Found a bloodstained altar of Trog.
   536 | D:2      | Reached XP level 3. HP: 19/19 MP: 4/4
   572 | D:2      | Reached skill level 5 in Unarmed Combat
   765 | D:2      | Found a blossoming altar of Fedhas.
   770 | D:2      | Reached XP level 4. HP: 18/23 MP: 5/5
   832 | D:2      | Noticed Robin
   867 | D:2      | Killed Robin
   942 | D:2      | Found a stormy altar of Qazlal.
  1481 | D:2      | Found an iron altar of Okawaru.
  1482 | D:2      | Found a shattered altar of Ashenzari.
  1483 | D:2      | Found a glowing silver altar of Zin.
  1569 | D:3      | Reached skill level 6 in Unarmed Combat
  1584 | D:3      | Found a glowing drain.
  1608 | D:3      | Reached XP level 5. HP: 27/27 MP: 6/6
  1664 | Sewer    | Entered a sewer
  1940 | Sewer    | Noticed a drowned soul
  1940 | Sewer    | Noticed a drowned soul
  1940 | Sewer    | Noticed a drowned soul
  1941 | Sewer    | Noticed a drowned soul
  1942 | Sewer    | Noticed a drowned soul
  1944 | Sewer    | Noticed a drowned soul
  1948 | Sewer    | Noticed a drowned soul
  1948 | Sewer    | Reached skill level 7 in Unarmed Combat
  1948 | Sewer    | Gained mutation: You heal very quickly. [Vine Stalker growth]
  1948 | Sewer    | Reached XP level 6. HP: 15/32 MP: 5/7
  2283 | D:3      | Found a shimmering altar of Xom.
  2492 | D:3      | Noticed Natasha
  2500 | D:3      | Killed Natasha
  2623 | D:3      | Found an ancient bone altar of Kikubaaqudgha.
  2791 | D:4      | Found a basalt altar of Yredelemnul.
  2855 | D:4      | Found a staircase to the Ecumenical Temple.
  2864 | Temple   | Entered the Ecumenical Temple
  2965 | Temple   | Became a worshipper of Elyvilon the Healer
  2965 | Temple   | Reached * piety under Elyvilon
  2965 | Temple   | Reached ** piety under Elyvilon
  3064 | D:4      | Reached skill level 8 in Unarmed Combat
  3064 | D:4      | Reached skill level 1 in Invocations
  3064 | D:4      | Reached XP level 7. HP: 15/35 MP: 3/8
  3166 | D:4      | Noticed Natasha
  3177 | D:4      | Killed Natasha
  3213 | D:4      | Killed Natasha
  3573 | D:5      | Entered Level 5 of the Dungeon
  3612 | D:4      | Reached skill level 9 in Unarmed Combat
  3671 | D:4      | Gained mutation: You have razor-sharp teeth. [Vine Stalker growth]
  3671 | D:4      | Reached XP level 8. HP: 39/39 MP: 9/11
  3796 | D:5      | Found a burning altar of Makhleb.
  4068 | D:5      | Reached skill level 10 in Unarmed Combat
  4710 | D:6      | Reached XP level 9. HP: 43/43 MP: 13/13
  4730 | D:6      | Reached skill level 5 in Invocations
  4992 | D:7      | Reached *** piety under Elyvilon
  5202 | D:7      | Found a glowing golden altar of the Shining One.
  5219 | D:7      | Reached skill level 1 in Armour
  5219 | D:7      | Reached skill level 11 in Unarmed Combat
  5306 | D:7      | HP: 2/44 [poisoned by a killer bee]
  5311 | D:7      | HP: 2/44 [poisoned by a killer bee]
  5574 | D:7      | Found a radiant altar of Vehumet.
  5883 | D:8      | Found a staircase to the Lair.
  6215 | D:8      | Reached skill level 5 in Fighting
  6262 | D:8      | Reached XP level 10. HP: 51/51 MP: 15/15
  6547 | D:8      | Found a sacrificial altar of Ru.
  6695 | D:8      | Gained mutation: You have sharp toenails. [potion of beneficial mutation]
  7145 | Lair:1   | Entered Level 1 of the Lair of Beasts
  7288 | Lair:1   | Reached **** piety under Elyvilon
  7838 | Lair:1   | Noticed a six-headed hydra
  7862 | Lair:1   | Slain by a six-headed hydra

Action                   |  1- 3 |  4- 6 |  7- 9 | 10-12 || total
-------------------------+-------+-------+-------+-------++-------
Melee: Unarmed           |    79 |   302 |   394 |   160 ||   935
 Fire: Blowgun           |       |       |    13 |    19 ||    32
Invok: Heal Other        |       |     1 |       |     5 ||     6
       Lesser Healing    |       |       |     1 |     3 ||     4
  Use: Potion            |       |     2 |       |     3 ||     5
       Scroll            |       |     4 |     6 |     1 ||    11
 Stab: Sleeping          |     9 |     4 |     1 |       ||    14
  Eat: Meat ration       |       |     1 |     1 |       ||     2
       Chunk             |       |     1 |     6 |     3 ||    10
       Beef jerky        |       |     1 |       |     1 ||     2
       Royal jelly       |       |       |       |     1 ||     1
